 Dungeon Crawl Stone Soup version 0.23.2 (webtiles) character file.

Game seed: 18364780520552679609

39 FatFrank the Skirmisher (level 3, -1/32 (33) HPs)
             Began as a Ghoul Chaos Knight on Apr 8, 2019.
             Was an Initiate of Qazlal.
             Slain by an adder (4 damage)
             ... on level 2 of the Dungeon.
             The game lasted 00:04:36 (655 turns).

FatFrank the Skirmisher (Ghoul Chaos Knight)         Turns: 655, Time: 00:04:38

HP:   -1/32 (33)    AC:  5    Str: 16    XL:     3   Next: 45%
MP:   2/2           EV:  8    Int:  7    God:    Qazlal [......]
Gold: 94            SH:  6    Dex:  8    Spells: 2/2 levels left

rFire    . . .     SeeInvis .   b - +0 short sword
rCold    + . .     Gourm    .   e - +0 shield
rNeg     + + +     Faith    .   a - +2 leather armour
rPois    ∞         Spirit   .   (no helmet)
rElec    .         Reflect  .   (no cloak)
rCorr    .         Harm     .   (no gloves)
MR       .....                  (no boots)
Stlth    +.........             (no amulet)
HPRegen  0.00/turn              (no ring)
MPRegen  0.08/turn              (no ring)

@: rotting
A: rotting body, claws 1, carnivore, cold resistance 1, negative energy
resistance 3, inhibited regeneration, torment resistance, unbreathing
a: Renounce Religion


You were on level 2 of the Dungeon.
You worshipped Qazlal.
Qazlal was noncommittal.
You were not hungry.

You visited 1 branch of the dungeon, and saw 2 of its levels.

You collected 94 gold pieces.

Inventory:

Hand Weapons
 b - a +0 short sword (weapon)
 c - a +0 hand axe
Missiles
 h - 24 sling bullets
Armour
 a - a +2 leather armour (worn)
 e - a +0 shield (worn)
Scrolls
 i - 2 scrolls of remove curse
 j - 2 scrolls of identify {unknown}
 k - a scroll of teleportation {unknown}
Potions
 d - a potion of curing {unknown}
 g - a potion of might {unknown}
Comestibles
 f - a ration


   Skills:
 + Level 3.7 Fighting
 + Level 1.0 Short Blades
 + Level 2.1 Armour
 + Level 1.1 Dodging
 + Level 0.1 Shields
 + Level 3.7 Unarmed Combat


You had 2 spell levels left.
You didn't know any spells.
Your spell library was empty.

Dungeon Overview and Level Annotations

Branches:
Dungeon (2/15)

Altars:
Qazlal


Innate Abilities, Weirdness & Mutations

Your body is rotting away.
You thrive on raw meat.
You are immune to poison.
You have sharp fingernails.
You are carnivorous and can eat meat at any time.
Your flesh is cold resistant. (rC+)
You are immune to negative energy. (rN+++)
You do not regenerate when monsters are visible.
You are immune to unholy pain and torment.
You can survive without breathing.


Message History

* * * LOW HITPOINT WARNING * * *
The rat bites you.
* * * LOW HITPOINT WARNING * * *
The adder misses you.
Unknown command.
Press < or > to pray at altars.
You kneel at the altar of Qazlal.
You have lost your religion!
Xom does not appreciate desertion!
Qazlal welcomes you!
Qazlal grants you and your divine allies immunity to clouds.
The rat closely misses you. The adder closely misses you.
You miss the adder.
The adder is lightly wounded.
The adder bites you.
* * * LOW HITPOINT WARNING * * *
The rat bites you.
* * * LOW HITPOINT WARNING * * *
The adder bites you.
You die...

# .# ######
#####.## .....#
#...... #.# ##.##.#
####.########.....#
.......†......#r###
####.#.####.#..S@.#
#.#.# #.##.##.#
#.#.# #.........
#..#. #...........
#.# #
..#.#####..### ##.
##...# ..# # ##.#
..# # ..#


You could see an adder and a rat.

Vanquished Creatures
  An ooze (D:1)
  2 dart slugs (D:1)
  A leopard gecko (D:2)
  2 bats
  A giant cockroach (D:1)
  4 goblins (D:1)
  3 hobgoblins
  4 jackals (D:2)
  A frilled lizard (D:1)
  4 kobolds (D:1)
  5 rats (D:1)
28 creatures vanquished.

Notes
Turn   | Place    | Note
-------+----------+-------------------------------------------
     0 | D:1      | FatFrank the Ghoul Chaos Knight began the quest for the
                  | Orb.
     0 | D:1      | Reached XP level 1. HP: 19/19 MP: 0/0
   146 | D:1      | Reached XP level 2. HP: 20/26 MP: 1/1
   173 | D:1      | XOM: harmless Necr miscast
   174 | D:1      | XOM: harmless Conj miscast
   179 | D:1      | XOM: smoke on damage
   290 | D:1      | Reached skill level 1 in Dodging
   448 | D:1      | Reached XP level 3. HP: 15/32 MP: 2/2
   589 | D:2      | XOM: harmless Air miscast
   620 | D:2      | Reached skill level 1 in Short Blades
   641 | D:2      | Found a stormy altar of Qazlal.
   654 | D:2      | Fell from the grace of Xom
   654 | D:2      | Became a worshipper of Qazlal Stormbringer
   655 | D:2      | Slain by an adder

Skill      XL: |  1  2  3 |
---------------+----------+-----
Armour         | 2 |  2.1
Dodging        | 1 |  1.1
Short Blades   | 1 |  1.0
Fighting       | |  3.7
Shields        | |  0.1
Unarmed Combat | |  3.7

Action                   || total
-------------------------++-------
Melee: Short sword       ||   125
       Unarmed           ||     7
  Use: Scroll            ||     2
       Potion            ||     1
  Eat: Ration            ||     1
Armor: Leather armour    ||    77
Dodge: Dodged            ||    75
Block: Shield            ||    37
